 Dungeon Crawl Stone Soup version 0.28.0-43-g3370ac3207 (webtiles) character file.

Game seed: 5863512912652038973

4018 experimilk the Chopper (level 10, -3/84 HPs)
             Began as a Palentonga Fighter on Mar 5, 2022.
             Was a Believer of Uskayaw.
             Slain by a killer bee (6 damage)
             ... on level 9 of the Dungeon on Mar 7, 2022.
             The game lasted 00:30:17 (13000 turns).

experimilk the Chopper (Palentonga Fighter)        Turns: 13000, Time: 00:30:18

Health: -3/84      AC: 18    Str: 23    XL:     10   Next: 3%
Magic:  10/13      EV:  3    Int:  8    God:    Uskayaw [**....]
Gold:   342        SH: 11    Dex: 11    Spells: 9/9 levels left

rFire   . . .      SeeInvis +   s - +2 morningstar (freeze)
rCold   . . .      Faith    .   j - +2 kite shield
rNeg    . . .      Spirit   .   f - +1 plate armour
rPois   .          Reflect  .   (no helmet)
rElec   .          Harm     .   d - scarf {+Inv}
rCorr   .          Rampage  .   (no gloves)
Will    .....                   (no barding)
Stlth   ..........              (no amulet)
HPRegen 0.24/turn               (no ring)
MPRegen 0.13/turn               (no ring)

@: lethally poisoned (-3 -> -13), studying Short Blades, curled up
A: large, rugged brown scales 3, see invisible, deformed body, roll 1, armoured
tail, reflexive curl
a: Rolling Charge, Renounce Religion, Evoke Invisibility, Stomp, Line Pass


You were on level 9 of the Dungeon.
You worshipped Uskayaw.
Uskayaw was noncommittal.
You visited 2 branches of the dungeon, and saw 10 of its levels.

You collected 342 gold pieces.

Inventory:

Hand Weapons
 a - a +0 war axe
 e - a +4 flail of freezing
 s - a +2 morningstar of freezing (weapon)
Missiles
 g - 266 stones (quivered)
Armour
 b - a +0 scale mail
 d - a scarf of invisibility (worn)
 f - a +1 plate armour (worn)
 j - a +2 kite shield (worn)
Jewellery
 l - a ring of magical power
 u - a +4 ring of protection
 v - a ring of magical power
Wands
 c - a wand of iceblast (19)
 q - a wand of digging (4)
 t - a wand of polymorph (1)
Scrolls
 h - a scroll of vulnerability
 y - a scroll of teleportation
Potions
 n - 2 potions of heal wounds
 o - a potion of attraction
 p - 2 potions of resistance
 w - a potion of might


   Skills:
 - Level 7.0 Fighting
 - Level 7.7(8.4) Axes
 - Level 4.8(7.0) Maces & Flails
 + Level 5.4 Armour
 + Level 5.9 Shields
 - Level 4.0 Invocations


You had 9 spell levels left.
You didn't know any spells.
Your spell library contained the following spells:

 Spells                   Type           Power      Damage    Failure   Level
 Beastly Appendage        Tmut           0%         N/A       100%        1
 Magic Dart               Conj           0%         1d3       100%        1
 Call Imp                 Summ           0%         N/A       100%        2
 Static Discharge         Conj/Air       0%         N/A       100%        2
 Wereblood                Tmut           0%         N/A       100%        2
 Mephitic Cloud           Conj/Pois/Air  0%         N/A       100%        3
 Spider Form              Tmut/Pois      0%         N/A       100%        3
 Lightning Bolt           Conj/Air       0%         1d11      100%        5
 Maxwell's Capacitive Co  Air            0%         ∞         100%        8


Dungeon Overview and Level Annotations

Branches:
Dungeon (9/15)             Temple (1/1) D:5
   Lair: D:8-11         Orc: D:9-12

Altars:
Ashenzari
Cheibriados
Dithmenos
Elyvilon
Fedhas
Gozag
Kikubaaqudgha
Makhleb
Nemelex Xobeh
Okawaru
Qazlal
Ru
Trog
Uskayaw
Vehumet
Wu Jian
Xom
Yredelemnul
Zin
The Shining One

Shops:
D:8 (

Annotations:
D:5 Pikel
D:7 1 transporter, crimpus's ghost, novice OgBe


Innate Abilities, Weirdness & Mutations

You are completely covered in rugged brown scales. (AC +3, +7% HP)
You have supernaturally acute eyesight. (SInv)
Armour fits poorly on your strangely shaped body.
You can roll at nearby foes to attack.
You have a long armoured tail.
You curl defensively after being hit. (AC +7*)


Message History

You feel very sick.
You hear an angry hiss.
You block the killer bee's attack.
The killer bee stings you but does no damage.
You block the wight's attack.
You closely miss the wight.
Your tail-slap misses the wight.
The wight is almost destroyed.
You feel very sick. The killer bee stings you. x2
You are more poisoned.
The killer bee poisons you! You block the wight's attack. x2
The killer bee stings you but does no damage.
The wight hits you with a +3 dire flail of freezing.
You feel drained. The wight freezes you.
You hit the wight.
You destroy the wight!
You feel very sick. The killer bee stings you.
You are more poisoned.
The killer bee poisons you! You block the killer bee's attack.
The killer bee stings you but does no damage.
You block the wight's attack. The killer bee stings you.
The killer bee stings you but does no damage.
You can now pass through a line of other dancers.
Your life force feels restored.
You feel very sick.
The killer bee stings you but does no damage.
The killer bee barely misses you. The killer bee stings you.
* * * LOW HITPOINT WARNING * * *
The wight hits you from afar with a +2 trident.
* * * LOW HITPOINT WARNING * * *
Items here: ))) [[[.
* * * LOW HITPOINT WARNING * * *
You feel very sick.
You block the killer bee's attack. x2; The killer bee stings you!
* * * LOW HITPOINT WARNING * * *
* * * LOW HITPOINT WARNING * * *
You feel very sick. You block the killer bee's attack.
The killer bee stings you.
You die...

###....
..... .##
###...
..##....#
#....> #.#
#.##..##z###
#.......)..#
#......yy..#
.#....@...##
#....<....#
###########


You could see 2 killer bees and a wight.

Vanquished Creatures
  Joseph (D:8)
  Eustachio (D:5)
  4 yaks (D:8)
  2 wyverns (D:7)
  A steam dragon (D:8)
  4 sky beasts
  A necrophage (D:7)
  3 ogres
  A centaur (D:8)
  2 phantoms
  A kobold brigand (D:6)
  4 scorpions
  4 bullfrogs
  3 killer bees (D:8)
  5 wights
  A howler monkey (D:6)
  3 bullfrog zombies
  A centaur zombie (D:7)
  A hound (D:5)
  3 orc priests
  3 iguanas
  2 orc wizards
  A hound skeleton (D:5)
  2 howler monkey zombies
  7 gnolls
  2 howler monkey skeletons
  11 adders
  A shadow imp (D:5)
  2 white imps (D:8)
  2 ufetubi (D:4)
  An adder zombie (D:5)
  An adder skeleton (D:4)
  A worm (D:2)
  3 dart slugs
  17 orcs
  8 ball pythons
  4 endoplasms
  5 giant cockroaches
  4 goblins
  4 hobgoblins
  6 jackals
  2 quokkas
  5 bats
  3 kobolds
  3 rats
146 creatures vanquished.

Vanquished Creatures (others)
  5 plants (D:9)
5 creatures vanquished.

Grand Total: 151 creatures vanquished

Notes
Turn   | Place    | Note
-------+----------+-------------------------------------------
     0 | D:1      | experimilk the Palentonga Fighter began the quest for the
                  | Orb.
     0 | D:1      | Reached XP level 1. HP: 19/19 MP: 1/1
   129 | D:1      | Reached XP level 2. HP: 24/25 MP: 2/2
   457 | D:2      | Found a faded altar of an unknown god.
   694 | D:2      | Reached XP level 3. HP: 30/31 MP: 3/3
   819 | D:2      | Learned a level 2 spell: Call Imp
  1844 | D:3      | Reached XP level 4. HP: 37/37 MP: 4/4
  2281 | D:3      | Reached skill level 5 in Axes
  2477 | D:3      | HP: 1/37 [gnoll/+2 whip of holy wrath (5)]
  2479 | D:3      | Reached XP level 5. HP: 1/43 MP: 5/5
  3325 | D:4      | Noticed an ogre
  3459 | D:4      | Noticed a phantom
  3481 | D:4      | Killed a phantom
  3571 | D:4      | Reached XP level 6. HP: 30/50 MP: 6/6
  4911 | D:5      | Entered Level 5 of the Dungeon
  4921 | D:5      | Found a staircase to the Ecumenical Temple.
  4926 | D:5      | Gained mutation: You curl defensively after being hit. (AC
                  | +7*) [Palentonga growth]
  4926 | D:5      | Reached XP level 7. HP: 35/57 MP: 7/7
  4937 | Temple   | Entered the Ecumenical Temple
  5204 | Temple   | Became a worshipper of Uskayaw the Reveller
  5284 | D:5      | Reached * piety under Uskayaw
  5326 | D:5      | Noticed Eustachio
  5334 | D:5      | Reached ** piety under Uskayaw
  5338 | D:5      | Killed Eustachio
  5339 | D:5      | Reached *** piety under Uskayaw
  6285 | D:5      | Noticed Pikel
  7120 | D:6      | Reached XP level 8. HP: 63/64 MP: 8/8
  7150 | D:6      | Reached skill level 5 in Fighting
  7610 | D:6      | Found a snail-covered altar of Cheibriados.
  8061 | D:6      | Reached skill level 1 in Invocations
  8592 | D:6      | Found a shadowy altar of Dithmenos.
  8661 | D:6      | Reached skill level 1 in Maces & Flails
  9278 | D:7      | Reached XP level 9. HP: 15/73 MP: 7/11
  9972 | D:7      | Noticed crimpus's ghost (novice OgBe)
  9972 | D:7      | Identified the +6 great mace of Limeocw {venom, MP+9
                  | Stlth+}
  9973 | D:7      | Found a transporter.
 10869 | D:8      | Reached skill level 5 in Shields
 11240 | D:8      | Reached **** piety under Uskayaw
 11609 | D:8      | Noticed Joseph
 11616 | D:8      | Killed Joseph
 11617 | D:8      | Reached skill level 5 in Armour
 12312 | D:8      | Found Teiqeof's Weapon Shop.
 12405 | D:8      | Found a glowing golden altar of the Shining One.
 12406 | D:8      | Found an ornate altar of the Wu Jian Council.
 12407 | D:8      | Found a radiant altar of Vehumet.
 12478 | D:7      | Reached XP level 10. HP: 61/84 MP: 7/13
 12899 | D:9      | Found a shimmering altar of Xom.
 13000 | D:9      | HP: 3/84 [poisoned by a killer bee]
 13000 | D:9      | Slain by a killer bee

Illustrated notes

Levels and vault maps discovered:
D:1:      dpeg_arrival_rhombus, layout_rooms
D:2:      layout_loops_cross, chequers_ecumenical_altar_simple
D:3:      layout_basic, serial_aquarium, aquarium_bridge_straight
          [aquarium_subvault_bridge, aquarium_subvault_wall,
          aquarium_subvault_bridge, aquarium_subvault_balcony],
          aquarium_bridge_long_joined [aquarium_subvault_wall,
          aquarium_subvault_window, aquarium_subvault_balcony,
          aquarium_subvault_wall, aquarium_subvault_bridge,
          aquarium_subvault_wall], aquarium_window_fake,
          aquarium_window_corridor_1, aquarium_window_1, aquarium_window_1,
          aquarium_view_2d, kennysheep_another_room,
          minmay_misc_feat_four_crosses
D:4:      layout_gridville, minmay_manual_mess
D:5:      layout_cave_pods, kennysheep_mini_moat, minmay_temple_entry_waves,
          uniq_pikel, uniq_eustachio
D:6:      layout_basic, kennysheep_slug_shrine, minmay_ruined_shrine
D:7:      layout_cave_pools, gammafunk_ghost_smash, nicolae_elevator_lobby_plus
D:8:      layout_rooms, grunt_temple_overflow_open, serial_corexii_hall,
          corexii_hall_statues_i, chequers_hall_statues_y, serial_shops,
          nicolae_shop_hallway_plus, uniq_joseph
D:9:      cheibrodos_frozen_isle, layout_rooms, xom_shifter_show,
          david_lair_shrubbed
Temple:   regret_index_temple_waves

Skill      XL: |  1  2  3  4  5  6  7  8  9 |
---------------+----------------------------+-----
Axes           | 3 4 5 6 7 |  7.7
Armour         | 3 4 5 |  5.4
Shields        | 3 4 5 |  5.9
Fighting       | 4 5 7 |  7.0
Invocations    | 3 4 |  4.0
Maces & Flails | 2 4 |  4.8

Action                   |  1- 3 |  4- 6 |  7- 9 | 10-12 || total
-------------------------+-------+-------+-------+-------++-------
Melee: War axe           |   104 |   106 |   123 |       ||   333
       Tailslap          |    12 |     9 |    35 |     2 ||    58
       Flail             |       |       |    95 |       ||    95
       Morningstar       |       |       |    32 |    12 ||    44
Throw: Stone             |       |     2 |       |       ||     2
Invok: Stomp             |       |       |     9 |       ||     9
       Line Pass         |       |       |     7 |     1 ||     8
 Abil: Rolling Charge    |     1 |     3 |    38 |     1 ||    43
Evoke: Wand              |       |       |     4 |       ||     4
  Use: Scroll            |     3 |     2 |     6 |     6 ||    17
       Potion            |       |     3 |     2 |       ||     5
 Stab: Paralysed         |       |       |     7 |       ||     7
       Confused          |       |       |     2 |       ||     2
Armor: Scale mail        |    69 |       |       |       ||    69
       Plate armour      |     4 |    62 |   130 |     9 ||   205
       Skin              |       |       |     9 |       ||     9
Dodge: Dodged            |    31 |    13 |    20 |     2 ||    66
Block: Buckler           |    22 |     7 |       |       ||    29
       Kite shield       |       |    31 |   143 |    16 ||   190
